Map: Ephemeron LE

Players

Mortlock - Winner!

  • Race: Protoss Protoss
  • League: Silver
  • Spawn Location: 11:00

A.I. 1 (Easy)

  • Race: Protoss Protoss
  • Spawn Location: 5:00

VOD

Have the link to the VOD?

Description

Time

  • Played on: Dec. 26, 2019, 7:46 p.m.
  • Length: 10:20
Show
View Real Time Build Order
Export as new Build Order

Mortlock Protoss - Winner!

Build Orders: Blink Stalkers 

Get SALT Encoding   

  12  0:01  Probe  
  13  0:13  Probe  
  14  0:19  Pylon  
  14  0:25  Probe  
  15  0:37  Probe  
  15  0:39  Gateway  
  16  0:48  Assimilator  
  16  0:49  Probe  
  17  0:54  Assimilator  
  17  1:01  Probe  
  18  1:08  Gateway  
  18  1:14  Probe  
  19  1:30  Cybernetics Core  
  19  1:36  Probe  
  20  1:41  Pylon  
  20  1:49  Probe  
  21  2:01  Pylon  
  21  2:06  Adept (Chrono Boost)  
  21  2:07  Adept (Chrono Boost)  
  25  2:21  Warp Gate  
  25  2:32  Gateway  
  25  2:47  Twilight Council  
  25  2:49  Probe  
  24  3:32  Stalker x3  
  28  3:35  Blink  
  28  3:43  Pylon  
  28  3:59  Probe  
  29  4:08  Nexus  
  29  4:11  Gateway  
  29  4:23  Probe  
  30  4:35  Probe  
  30  4:38  Pylon  
  31  4:47  Probe  
  32  4:57  Pylon  
  32  5:34  Pylon  
  32  5:38  Stalker x4  
  40  5:50  Probe  
  40  5:51  Probe  
  42  5:57  Assimilator  
  42  6:00  Assimilator  
  42  6:02  Probe  
  42  6:03  Probe  
  44  6:10  Stalker x2  
  48  6:15  Probe x2  
  50  6:27  Probe x2  
  50  6:28  Stalker x2  
  56  6:34  Gateway  
  56  6:39  Probe x2  
  58  6:41  Gateway  
  58  6:43  Pylon  
  57  6:54  Probe (Chrono Boost)  
  57  6:55  Probe (Chrono Boost)  
  59  7:04  Probe (Chrono Boost)  
  59  7:05  Probe (Chrono Boost)  
  61  7:09  Probe x2 (Chrono Boost)  
  61  7:12  Gateway  
  63  7:39  Stalker x2  
  63  7:40  Stalker x3  
  67  8:29  Stalker  
  67  8:31  Stalker  
  67  8:33  Stalker  
  73  8:36  Stalker  
  73  8:38  Stalker  
  73  8:40  Stalker  
  73  8:41  Stalker  
  79  9:21  Stalker  
  79  9:22  Stalker  
  79  9:23  Stalker x2  
  79  9:24  Stalker x3  
Show
View Real Time Build Order
Export as new Build Order

A.I. 1 (Easy) Protoss 

Build Orders:  

Get SALT Encoding   

  12  0:00  Probe  
  13  0:13  Probe  
  14  0:20  Pylon  
  14  0:25  Probe  
  15  0:34  Probe  
  16  0:44  Assimilator  
  16  0:50  Gateway  
  16  0:53  Pylon  
  16  1:18  Assimilator  
  16  1:32  Zealot  
  16  1:38  Cybernetics Core  
  16  1:45  Probe  
  19  2:00  Pylon  
  19  2:01  Probe  
  19  2:06  Warp Gate  
  20  2:09  Probe  
  21  2:16  Adept  
  21  2:17  Probe  
  24  2:29  Probe  
  25  2:41  Probe  
  26  2:46  Stalker  
  28  3:12  Probe  
  28  3:16  Adept  
  28  3:24  Probe  
  29  3:37  Probe  
  30  5:43  Stalker, Probe  
  30  5:44  Pylon  
  33  6:02  Probe  
  34  6:04  Robotics Facility  
  34  6:05  Stalker  
  34  6:08  Pylon  
  36  6:15  Probe  
  29  6:27  Stalker  
  31  6:50  Sentry  
  31  6:53  Observer  
  34  6:55  Nexus  
  34  7:12  Zealot  
  34  7:14  Observer  
  37  7:35  Adept  
  39  7:52  Zealot  
  39  7:58  Pylon  
  38  8:07  Immortal  
  38  8:08  Probe  
  35  8:13  Probe  
  35  8:19  Probe  
  25  8:21  Zealot  
  26  8:27  Probe  
  25  8:35  Probe  
  25  8:38  Zealot  
  27  8:47  Probe  
  24  8:59  Probe  
  24  9:01  Pylon  
Tags
 
Composition
Blink Stalkers
League
Silver
Matchup
PvP
Spawn Locations
Cross Positions
Add a new tag
Caveats
  • Supply blocks, unpowered buildings, or Contaminate may cause inaccurate times.
  • Supply counts are checked every 10 seconds.